 Dungeon Crawl Stone Soup version 0.31.0-12-g77e489cdc1 (webtiles) character file.

Game seed: 5473607679870877726

41 jagang the Trooper (level 3, -2/29 HPs)
             Began as a Demonspawn Fighter on Feb 15, 2024.
             Slain by an orc priest
             ... wielding a +0 short sword
              (5 damage)
             ... on level 2 of the Dungeon.
             The game lasted 00:01:28 (1076 turns).

jagang the Trooper (Demonspawn Fighter)             Turns: 1076, Time: 00:01:28

Health: -2/29      AC:  9    Str: 18    XL:     3   Next: 32%
Magic:  3/3        EV:  9    Int:  8    God:
Gold:   69         SH:  4    Dex: 12    Spells: 2/2 levels left

rFire   . . .        a - +0 flail
rCold   . . .        c - +0 buckler
rNeg    . . .        b - +0 scale mail
rPois   .            (no helmet)
rElec   .            f - +2 cloak
rCorr   .            (no gloves)
SInv    .            (no boots)
Will    .....        (no amulet) Stlth
                     (no ring)
HPRegen 0.24/turn    (no ring)
MPRegen 0.08/turn

%: no passive effects
@: no status effects
A: powered by death 1
a: no special abilities


You were on level 2 of the Dungeon.
You visited 1 branch of the dungeon, and saw 2 of its levels.

You collected 69 gold pieces.

Inventory:

Hand Weapons
 a - a +0 flail (weapon)
Missiles
 m - 3 poisoned darts (quivered)
Armour
 b - a +0 scale mail (worn)
 c - a +0 buckler (worn)
 f - a +2 cloak (worn)
Scrolls
 e - a scroll of blinking {unknown}
 g - a scroll of immolation
 h - 3 scrolls of revelation {unknown}
 i - a scroll of teleportation {unknown}
 l - a scroll of amnesia {unknown}
 n - a scroll of identify {unknown}
Potions
 d - a potion of might
 j - a potion of attraction {unknown}
 k - a potion of cancellation {unknown}


   Skills:
 + Level 3.2 Fighting
 * Level 2.5 Maces & Flails
 + Level 3.0 Armour
 + Level 3.0 Shields


You had 2 spell levels left.
You didn't know any spells.
Your spell library contained the following spells:

 Spells                   Type           Power      Damage    Failure   Level
 Cause Fear               Hex            0%         N/A       100%        4
 Fireball                 Conj/Fire      0%         3d3       100%        5
 Dragon's Call            Summ           0%         N/A       100%        9


Dungeon Overview and Level Annotations

Branches:
Dungeon (2/15)

Altars:


Innate Abilities, Weirdness & Mutations

You regenerate a little health from kills.


Message History

The orc priest mumbles some strange prayers to Beogh against you.
Beogh smites you! The goblin closely misses you.
You are too injured to fight recklessly!
You are too injured to fight recklessly!
Unknown command.
You barely miss the goblin. The goblin misses you.
The goblin barely misses you.
The orc priest invokes the aid of Beogh against you.
You barely resist. You closely miss the goblin.
The orc priest hits you but does no damage.
The goblin hits you with a +0 club.
You barely miss the orc priest.
The orc priest hits you but does no damage.
The goblin hits you but does no damage.
You hit the orc priest.
The orc priest is moderately wounded.
The orc priest closely misses you. The goblin closely misses you.
The goblin hits you but does no damage.
The orc priest hits you but does no damage.
You barely miss the orc priest.
The orc priest is moderately wounded.
The orc priest barely misses you. The goblin barely misses you.
You barely miss the orc priest.
The orc priest is moderately wounded.
The orc priest looks satisfied for a moment.
The goblin hits you with a +0 club.
* * * LOW HITPOINT WARNING * * *
You barely miss the orc priest.
The orc priest is moderately wounded.
The orc priest misses you. The goblin hits you with a +0 club.
* * * LOW HITPOINT WARNING * * *
The goblin barely misses you.
The orc priest hits you with a +0 short sword.
* * * LOW HITPOINT WARNING * * *
You barely miss the orc priest.
The orc priest is moderately wounded.
The goblin hits you but does no damage.
The orc priest hits you with a +0 short sword.
You die...

###$# #...## #....
#...# # ....##.#
#...... #go.#
#@..#### #......# #..
#...##.### #...
#...##...# #
#.......#........####
#. #.....
#..###....... .# #o⌠$
##......###
..#######..####.#
#.........## ^#


You could see an orc priest and a goblin.

Vanquished Creatures
  2 orcs (D:2)
  2 ball pythons
  6 bats (D:1)
  3 endoplasms (D:1)
  A giant cockroach (D:1)
  9 goblins (D:1)
  2 hobgoblins
  4 quokkas
  A frilled lizard (D:1)
  2 kobolds (D:1)
  2 rats (D:1)
34 creatures vanquished.

Notes
Turn   | Place    | Note
-------+----------+-------------------------------------------
     0 | D:1      | jagang the Demonspawn Fighter began the quest for the Orb.
     0 | D:1      | Reached XP level 1. HP: 18/18 MP: 1/1
   182 | D:1      | Gained mutation: You regenerate a little health from kills.
                  | [demonic ancestry]
   182 | D:1      | Reached XP level 2. HP: 24/24 MP: 2/2
   245 | D:1      | Found a faded altar of an unknown god.
   743 | D:1      | Reached XP level 3. HP: 29/29 MP: 3/3
  1076 | D:2      | Slain by an orc priest

Illustrated notes

Levels and vault maps discovered:
D:1:      eino_arrival_cavern_b, layout_basic, serial_rivers,
          chequers_serial_rivers_micro_d, chequers_serial_rivers_small_3,
          chequers_serial_rivers_micro_c, chequers_serial_rivers_large_b,
          chequers_serial_rivers_room_b, hellmonk_ecumenical_altar_blasted
D:2:      cheibrodos_pilgrimage, layout_loops_ring, basic_altar

Skill      XL: |  1  2  3 |
---------------+----------+-----
Maces & Flails | 2 |  2.5
Armour         | 3 |  3.0
Shields        | 3 |  3.0
Fighting       | |  3.2

Action                     || total
---------------------------++-------
  Melee: Flail             ||   118
 Armour: Scale mail        ||   111
  Dodge: Dodged            ||    57
  Block: Buckler           ||    41
